 Dungeon Crawl Stone Soup version 0.31-a0-1549-g5ff9445e89 (webtiles) character file.

Game seed: 2805853883852055211

2456416 Zirtrex the Conqueror (level 27, 249/273 HPs)
             Began as a Minotaur Berserker on Jan 2, 2024.
             Was the Champion of Trog.
             Escaped with the Orb
             ... and 4 runes!
             The game lasted 02:40:35 (65797 turns).

Zirtrex the Conqueror (Minotaur Berserker)         Turns: 65797, Time: 02:40:35

Health: 249/273    AC: 56    Str: 41    XL:     27
Magic:  13/19      EV: 27    Int:  3    God:    Trog [******]
Gold:   5440       SH: 11    Dex: 19    Spells: 26/26 levels left

rFire   + + .        D - +4 broad axe (vamp)
rCold   + . .        T - +1 buckler {rC+ rF+}
rNeg    . . .        r - +13 crystal plate armour "Sevocyef" {Dex+3}
rPois   .            u - +2 hat
rElec   .            H - +2 cloak {Will+}
rCorr   +            s - +0 pair of gloves of the Ecumenical Temple {rF+ rCorr}
SInv    .            z - +2 pair of boots
Will    +++..        R - amulet of faith Stlth
                     q - ring of Maack {Str+6 Dex+2}
HPRegen 0.65/turn    k - ring "Goari Edgha" {rCorr EV+5 Int+2 Slay+2}
MPRegen 0.16/turn

%: faith
@: no status effects
A: horns 2, retaliatory headbutt, hooves 1, agile 1, dopey 1, low MP 1, wild
magic 1
0: Orb of Zot
}: 4/15 runes: decaying, slimy, silver, gossamer
a: Renounce Religion, Berserk, Trog's Hand, Brothers in Arms


You escaped.
You worshipped Trog.
Trog was exalted by your worship.
You visited 10 branches of the dungeon, and saw 52 of its levels.

You collected 11378 gold pieces.
You spent 5938 gold pieces at shops.

Inventory:

Hand Weapons
 f - a +3 antimagic broad axe
 D - a +4 vampiric broad axe (weapon)
 Q - the +4 war axe "Xudumaet" {flame, rElec rF+ Dex+4}
   (Trog gifted it to you on level 1 of the Depths)

   Dex+4:     It affects your dexterity (+4).
   rF+:       It protects you from fire.
   rElec:     It insulates you from electricity.
 S - the +1 broad axe "Ecyesoc" {antimagic, Will+ SInv Stlth-}
   (You found it on level 1 of the Swamp)

   Will+:     It increases your willpower.
   SInv:      It lets you see invisible.
   Stlth-:    It makes you less stealthy.
Missiles
 i - a throwing net
 U - 12 silver javelins (quivered)
Armour
 r - the +13 crystal plate armour "Sevocyef" (worn) {Dex+3}
   (You bought it in a shop on level 3 of the Depths)

   Dex+3:     It affects your dexterity (+3).
 s - the +0 pair of gloves of the Ecumenical Temple (worn) {rF+ rCorr}
   (You acquired it on level 13 of the Dungeon)

   rF+:       It protects you from fire.
   rCorr:     It protects you from acid and corrosion.
 u - a +2 hat (worn)
 z - a +2 pair of boots (worn)
 H - a +2 cloak of willpower (worn)
 T - a +1 buckler of resistance (worn)
Jewellery
 k - the ring "Goari Edgha" (right hand) {rCorr EV+5 Int+2 Slay+2}
   (You acquired it on level 14 of the Dungeon)

   [ring of evasion]

   EV+5:      It affects your evasion (+5).
   Int+2:     It affects your intelligence (+2).
   Slay+2:    It affects your accuracy & damage with ranged weapons and melee
   (+2).
   rCorr:     It protects you from acid and corrosion.
 p - the ring "Kuphokuzexi" {rC+ Str+6}
   (You found it on level 2 of the Elven Halls)

   [ring of strength]

   Str+6:     It affects your strength (+6).
   rC+:       It protects you from cold.
 q - the ring of Maack (left hand) {Str+6 Dex+2}
   (You found it on level 5 of the Pits of Slime)

   [ring of strength]

   Str+6:     It affects your strength (+6).
   Dex+2:     It affects your dexterity (+2).
 v - a ring of flight
 O - the ring "Wumyh Bodgh" {Wiz rPois rC+ SInv}
   (You took it off a frost giant on level 1 of the Depths)

   [ring of wizardry]

   Wiz:       It improves your spell success rate.
   rC+:       It protects you from cold.
   rPois:     It protects you from poison SInv: It lets you see invisible.
 R - an amulet of faith (around neck)
Wands
 d - a wand of iceblast (44)
 B - a wand of acid (65)
 J - a wand of digging (27)
 K - a wand of charming (46)
Scrolls
 b - 13 scrolls of vulnerability
 c - 3 scrolls of blinking
 g - 24 scrolls of teleportation
 h - 8 scrolls of poison
 t - 9 scrolls of fog
 E - 4 scrolls of silence
 I - 4 scrolls of fear
 X - a scroll of immolation
 Y - 8 scrolls of revelation
Potions
 e - 9 potions of curing
 m - 8 potions of lignification
 n - 2 potions of berserk rage
 w - 4 potions of invisibility
 A - 2 potions of might
 C - 6 potions of attraction
 F - 5 potions of cancellation
 G - a potion of mutation
 M - 4 potions of resistance
 N - 5 potions of enlightenment
 V - 3 potions of ambrosia
Miscellaneous
 a - a condenser vane
 y - a phantom mirror
 L - a phial of floods


   Skills:
 O Level 27 Fighting
 + Level 25.7 Axes
 + Level 16.4 Throwing
 O Level 27 Armour
 + Level 23.4 Dodging
 + Level 8.0 Stealth
 + Level 20.4 Shields


You had 26 spell levels left.
You didn't know any spells.
Your spell library was empty.

Dungeon Overview and Level Annotations

Branches:
Dungeon (15/15)            Temple (0/1) D:7            Lair (5/5) D:9
  Swamp (4/4) Lair:3       Spider (4/4) Lair:3        Slime (5/5) Lair:5
    Orc (2/2) D:10            Elf (3/3) Orc:2        Vaults (5/5) D:13
  Crypt (0/3) Vaults:3     Depths (4/4) D:15            Zot (5/5) Depths:4

Altars:
Elyvilon
Fedhas
Gozag
Nemelex Xobeh
Ru
Trog
Wu Jian
Xom
Zin
Jiyva

Shops:
D:3 *   D:5 (   D:9 !   D:10 :   Orc:2 [[[   Elf:1 [   Elf:3 ?   Vaults:2 *
Vaults:4 (   Zot:5 **   Depths:3 *[

Portals:
Hell: Depths:1 Depths:2 Depths:3 Depths:4
Abyss: Depths:3
Pandemonium: Depths:2 Depths:4
Ziggurat: Depths:4

Annotations:
D:10 2 runed translucent doors, octoduck's ghost, journeyman GnNe
D:14 exclusion: ice statue
Lair:5 3 runed translucent doors, bronco's ghost, journeyman MiBe
Swamp:2 Roxanne
Elf:2 3 runed translucent doors
Elf:3 1 exclusion
Zot:5 3 runed translucent doors, exclusion: obsidian statue, whatisthis's ghost, legendary HuBe


Innate Abilities, Weirdness & Mutations

You have a pair of horns on your head.
You reflexively headbutt those who attack you in melee.
You have large cloven feet.
You are agile. (Dex +4, Str/Int -1)
You are dopey. (Int -2)
Your magical capacity is low. (-10% MP)
Your spells are a little harder to cast, but a little more powerful.


Message History

The Orb Guardian hits you!!
You closely miss the Orb Guardian. You headbutt the Orb Guardian.
The Orb Guardian is moderately wounded.
The Orb Guardian misses you. You furiously retaliate!
You headbutt the Orb Guardian!! You hit the Orb Guardian.
You feel better.
You headbutt the Orb Guardian!
The Orb Guardian is severely wounded.
You block the Orb Guardian's attack.
You completely miss the Orb Guardian.
The Orb Guardian is severely wounded.
You block the Orb Guardian's attack.
You barely miss the Orb Guardian.
The Orb Guardian is severely wounded.
The Orb Guardian hits you but does no damage.
You barely miss the Orb Guardian.
The Orb Guardian is severely wounded.
The Orb Guardian hits you!! The Orb Guardian closely misses you.
You furiously retaliate!
You headbutt the Orb Guardian. You slice the Orb Guardian!!
You feel better.
You kill the Orb Guardian!
Trog accepts your kill.
Your Stealth skill increases to level 8!
You hit the large abomination but do no damage.
Your headbutt misses the large abomination.
The large abomination hits you but does no damage.
You slice the large abomination!!
Your headbutt misses the large abomination.
The large abomination is moderately damaged.
The large abomination completely misses you.
You slice the large abomination!! You headbutt the large abomination!
The large abomination is almost destroyed.
You block the large abomination's attack.
You slash the large abomination!
You destroy the large abomination!
Trog accepts your kill.
No target in view!
An ice devil comes into view.
There is a staircase leading out of the dungeon here.
You have escaped!

########.###################+###.
.......................X..##.###.
.)........................##.....
###..###########..#####...######.
###..### #..# #...# #....
.......# #####..# #...# #....
.......#####......#####...# #...†
..........................# #.###
.......#........@.#####...# #....
##..####.###......# #...# #####
#..# #.# #......# #...# # #..#
#.# ##...### #...# #
##..####.####.4.#######...# #
..........................# #
..........................# #
########################### #


You could see an ice devil.

Vanquished Creatures
  the Royal Jelly (Slime:5)
  5 dread liches
  6 ancient liches
  3 orbs of fire
  Mara (Elf:3)
  3 juggernauts
  Vv (Depths:4)
  Xtahua (Vaults:5)
  3 Killer Klowns
  4 curse toes
  The ghost of Ceenoxoumim the Victor of a Thousand Battles, a veteran GnWn of Okawaru (Depths:4)
  5 golden dragons
  Saint Roka (Vaults:5)
  Jory (Vaults:5)
  4 bone dragons
  Nikola (Depths:1)
  An iron giant (Depths:3)
  Arachne (Spider:1)
  2 doom hounds (Depths:4)
  Rupert (D:13)
  4 electric golems
  A hellephant (Depths:2)
  A Hell Sentinel (Depths:4)
  Jorgrun (D:12)
  16 tentacled monstrosities
  A walking crystal tome (Depths:2)
  Grunn (Depths:4)
  2 liches (Depths:1)
  A walking earthen tome (Depths:1)
  2 sphinxes (Depths:1)
  A walking divine tome (Depths:1)
  26 Orb Guardians
  2 deep elf blademasters (Elf:3)
  A walking frostbound tome (Depths:1)
  2 titans (Vaults:5)
  15 acid blobs
  The ghost of hikkokomori the Devastator, an adept GrEE of Gozag (Vaults:1)
  2 deep elf master archers (Elf:3)
  6 death cobs
  Frances (Elf:1)
  6 quicksilver dragons
  An ancient champion (Depths:4)
  2 Executioners
  4 thorn hunters
  Agnes (Spider:2)
  9 tengu reavers
  Donald (Spider:2)
  11 shadow dragons
  20 storm dragons
  Aizul (Spider:4)
  8 draconian monks
  7 frost giants
  A fenstrider witch (Swamp:3)
  3 iron dragons
  8 azure jellies
  9 deep elf sorcerers
  5 rockslimes (Slime:5)
  10 fire giants
  5 protean progenitors
  5 draconian knights
  14 vault wardens
  10 emperor scorpions
  7 draconian shifters
  4 draconian stormcallers
  Louise (Spider:1)
  6 deep elf elementalists (Elf:3)
  7 ghost moths
  4 balrugs (Zot:4)
  A caustic shrike zombie (Depths:3)
  12 draconian scorchers
  An angel (D:1)
  3 orc warlords
  16 ironbound preservers
  2 ghouls (Swamp:4)
  4 spriggan defenders (Depths:1)
  A cacodemon (Vaults:1)
  9 quicksilver oozes
  20 stone giants
  9 draconian annihilators
  25 very ugly things
  3 formless jellyfish
  3 broodmothers
  11 deep elf demonologists
  10 ironbound thunderhulks
  4 vampire knights
  10 green draconians
  Nessos (D:12)
  4 eleionomae
  13 yellow draconians
  12 black draconians
  7 deep elf death magi
  10 spark wasps
  9 purple draconians
  9 bunyips
  5 deep elf annihilators
  13 red draconians
  A war gargoyle (Vaults:5)
  19 white draconians
  10 dire elephants
  A crystal guardian (D:15)
  Snorg (Orc:2)
  15 yaktaur captains
  8 blizzard demons
  8 fire dragons
  A shambling mangrove (Swamp:4)
  2 entropy weavers (shapeshifter)
  14 ettins
  6 deep elf high priests
  6 great orbs of eyes
  7 ice dragons
  9 entropy weavers
  3 rakshasas
  Fannar (Lair:3)
  2 catoblepae
  5 jorogumos
  32 vault guards
  5 ghost crabs
  6 ironbound frosthearts
  7 two-headed ogres
  A hell beast (Depths:4)
  7 spriggan air magi
  10 boulder beetles
  15 hydras
  11 centaur warriors
  4 radroaches
  19 dancing weapons
  3 ogre magi
  7 alligators
  A two-headed ogre (shapeshifter) (Vaults:1)
  10 deep troll earth magi
  5 tengu warriors
  2 satyrs (Zot:3)
  4 demonic crawlers
  A shock serpent (shapeshifter) (Depths:4)
  17 death yaks
  4 deep troll shamans
  Urug (Orc:2)
  An occultist (Depths:2)
  8 hell hogs (Depths:2)
  3 orc high priests
  4 spriggan berserkers
  A naga sharpshooter (D:15)
  Sonja (D:11)
  2 soul eaters (Depths:3)
  17 spriggans
  2 sun demons
  22 hell knights
  12 deep elf knights
  4 goliath frogs
  A salamander mystic (D:15)
  56 deep trolls
  2 death drakes
  3 fire crabs (D:15)
  7 iron trolls
  6 pharaoh ants
  6 skeletal warriors (Depths:3)
  A sixfirhy (D:15)
  3 flayed ghosts
  10 bog bodies
  11 swamp dragons
  10 orb spiders
  2 spriggan druids
  15 harpies
  13 deep elf archers
  2 sun moths
  5 glowing orange brains
  2 steelbarb worms (shapeshifter)
  11 ironbound convokers
  9 steelbarb worms
  6 phantasmal warriors
  2 tengu zombies
  18 arcanists
  8 orc knights
  A glowing orange brain (shapeshifter) (Depths:1)
  A lindwurm (shapeshifter) (Vaults:1)
  19 lindwurms
  4 necromancers
  29 deep elf pyromancers
  Pikel (D:6)
  18 wolf spiders
  19 deep elf zephyrmancers
  A harpy (shapeshifter) (Vaults:1)
  A manticore (D:12)
  37 ugly things
  4 cyclopes
  6 elephants (Lair:2)
  6 orc sorcerers
  A salamander (shapeshifter) (Vaults:1)
  16 moths of wrath
  A shining eye (Slime:5)
  8 salamanders (D:15)
  2 meliai (shapeshifter)
  3 will-o-the-wisps
  6 meliai
  4 black mambas
  A black mamba (shapeshifter) (Spider:2)
  A rust devil (D:15)
  A molten gargoyle (D:15)
  4 kobold blastminers (Orc:2)
  10 torpor snails
  A stone giant skeleton (Vaults:4)
  17 vault sentinels
  Maggie (D:7)
  2 large abominations
  5 cane toads
  5 gargoyles
  An orange demon (Zot:1)
  2 cane toads (shapeshifter)
  9 komodo dragons
  A freezing wraith (Vaults:5)
  5 rime drakes
  4 efreet
  40 yaktaurs
  A tormentor (Depths:3)
  2 tengu conjurers (D:14)
  The ghost of pokeman the Magician, a novice DEHW (D:3)
  Psyche (D:8)
  6 trolls
  2 polar bears
  14 tyrant leeches
  A queen bee (shapeshifter) (Elf:3)
  2 wolf spider simulacra
  22 hornets
  A wind drake (D:15)
  21 blink frogs
  A raiju (shapeshifter) (Elf:3)
  25 tarantellas
  5 glass eyes
  6 dream sheep (Lair:5)
  A dream sheep (shapeshifter) (Vaults:5)
  A spectral elephant (Lair:3)
  53 slime creatures
  21 jumping spiders
  9 air elementals
  4 wyverns
  25 culicivoras
  2 ynoxinuls
  2 centaur simulacra (D:14)
  8 fire elementals
  A deep troll skeleton (Vaults:4)
  A yak (shapeshifter) (Vaults:1)
  6 water elementals
  26 yaks
  3 wraiths
  2 vampires (D:11)
  Eustachio (D:4)
  A fire bat (shapeshifter) (Vaults:5)
  6 golden eyes (Slime:5)
  A golden eye (shapeshifter) (Vaults:1)
  8 humans (D:13)
  A steam dragon (D:10)
  47 redbacks
  6 basilisks
  3 wargs
  7 vampire mosquitoes
  Menkaure (D:5)
  13 swamp worms
  10 water moccasins
  2 acid dragons
  A water moccasin (shapeshifter) (D:15)
  Duvessa (D:6)
  43 orc warriors
  3 sky beasts
  3 ice beasts
  2 black bears
  3 meliai simulacra (D:15)
  7 ogres
  20 wolves
  A centaur (shapeshifter) (Vaults:1)
  5 swamp drakes
  13 centaurs
  3 lemures (D:6)
  2 phantoms (D:7)
  3 kobold brigands
  11 bullfrogs
  A spectral wyvern (Lair:3)
  A necrophage (Swamp:4)
  A gnoll sergeant (D:11)
  An earth elemental (Elf:1)
  3 scorpions
  4 wights (D:8)
  Dowan (D:6)
  14 killer bees
  5 howler monkeys
  4 bombardier beetles
  4 electric eels
  A bombardier beetle (shapeshifter) (Vaults:1)
  3 hounds
  9 jellies
  18 orc priests
  7 iguanas
  27 orc wizards
  11 hell rats
  A boggart simulacrum (D:14)
  15 gnolls
  11 adders
  3 white imps
  4 ufetubi
  3 dart slugs
  A ribbon worm (D:2)
  92 orcs
  4 endoplasms
  3 giant cockroaches
  7 goblins
  5 hobgoblins
  7 jackals
  6 quokkas
  8 ball pythons
  3 bats
  2 frilled lizards
  22 kobolds
  A rat (D:2)
  An aspiring flesh (Zot:2)
2223 creatures vanquished.

Vanquished Creatures (collateral kills)
  An ancient lich (Zot:5)
  the Lernaean hydra (Swamp:4)
  2 electric golems
  A tentacled monstrosity (Vaults:1)
  2 Orb Guardians (Zot:5)
  A quicksilver dragon (Depths:1)
  A shadow dragon (Depths:3)
  A draconian monk (Zot:5)
  An emperor scorpion (Spider:3)
  A cacodemon (Vaults:1)
  A green draconian (Zot:4)
  An eleionoma (Swamp:3)
  2 white draconians (Zot:5)
  A bunyip (Swamp:1)
  A yellow draconian (Zot:5)
  A rakshasa (Depths:1)
  4 hydras (Swamp:4)
  An ironbound frostheart (Vaults:1)
  A jorogumo (Spider:3)
  A death scarab (Spider:3)
  A spriggan berserker (Depths:1)
  2 hell knights (Depths:1)
  2 spriggans (Depths:1)
  4 bog bodies (Swamp:4)
  3 ugly things (Depths:1)
  A meliai (Spider:3)
  A tormentor (Zot:5)
  A hellwing (Zot:5)
  2 tarantellas
  2 hornets (Depths:1)
  2 redbacks (Spider:3)
  A swamp worm (Swamp:1)
  3 swamp drakes (Swamp:4)
51 creatures vanquished.

Vanquished Creatures (others)
  A quicksilver dragon (Zot:5)
  A death cob (Zot:4)
  A draconian knight (Zot:5)
  A frost giant (Vaults:5)
  A green draconian (Zot:5)
  A deep elf death mage (Vaults:1)
  A war gargoyle (Vaults:5)
  Nergalle (Lair:3)
  An orc knight (Orc:2)
  4 bloated husks
  A hornet (Swamp:4)
  A human (D:13)
  2 vampire mosquitoes (Swamp:1)
  2 orc warriors
  5 orcs
24 creatures vanquished.

Grand Total: 2298 creatures vanquished

Notes
Turn   | Place    | Note
-------+----------+-------------------------------------------
     0 | D:1      | Zirtrex the Minotaur Berserker began the quest for the Orb.
     0 | D:1      | Reached XP level 1. HP: 19/19 MP: 0/0
   140 | D:1      | Reached XP level 2. HP: 18/27 MP: 1/1
   772 | D:1      | Found a faded altar of an unknown god.
   869 | D:2      | Reached XP level 3. HP: 32/33 MP: 2/2
  1359 | D:2      | Reached ** piety under Trog
  1513 | D:3      | Found Ysedgh's General Store.
  1531 | D:3      | Bought a scroll of identify for 20 gold pieces
  1628 | D:3      | Found a runed translucent gate.
  1628 | D:3      | Found a runed translucent gate.
  1628 | D:3      | Found a runed translucent gate.
  1629 | D:3      | Noticed a kobold brigand
  1629 | D:3      | Noticed pokeman's ghost (novice DEHW)
  1641 | D:3      | Reached XP level 4. HP: 32/41 MP: 3/3
  2018 | D:3      | Found a sparkling altar of Nemelex Xobeh.
  2022 | D:3      | Found an ornate altar of the Wu Jian Council.
  2562 | D:4      | Reached XP level 5. HP: 44/47 MP: 4/4
  2573 | D:4      | Identified the +8 quarterstaff "Ikauziq" {drain, rN+ Str-2
                  | Int+3 SInv}
  2667 | D:4      | Noticed Eustachio
  2696 | D:4      | Killed Eustachio
  2697 | D:4      | Reached skill level 5 in Fighting
  2697 | D:4      | Reached skill level 5 in Axes
  2697 | D:4      | Reached XP level 6. HP: 38/56 MP: 5/5
  3485 | D:5      | Entered Level 5 of the Dungeon
  3494 | D:5      | Reached skill level 5 in Armour
  3494 | D:5      | Reached XP level 7. HP: 62/62 MP: 6/6
  3645 | D:5      | Found a sacrificial altar of Ru.
  3697 | D:5      | Reached skill level 5 in Dodging
  3804 | D:5      | Noticed Menkaure
  3812 | D:5      | Killed Menkaure
  3813 | D:5      | Reached XP level 8. HP: 64/71 MP: 7/7
  3875 | D:5      | Reached *** piety under Trog
  4009 | D:5      | Found Omesybyce's Antique Weapon Shop.
  4481 | D:6      | Noticed a boulder beetle
  4504 | D:6      | Killed a boulder beetle
  4505 | D:6      | Reached XP level 9. HP: 57/81 MP: 8/8
  4658 | D:6      | Noticed Duvessa
  4658 | D:6      | Noticed Dowan
  4662 | D:6      | Killed Duvessa
  4668 | D:6      | Killed Dowan
  4853 | D:6      | Noticed Jeremiah
  4859 | D:6      | Noticed Pikel
  4875 | D:6      | Killed Pikel
  5359 | D:6      | You fall into a shaft and drop 3 floors!
  5534 | D:9      | Reached **** piety under Trog
  5778 | D:9      | Reached XP level 10. HP: 80/91 MP: 9/9
  5920 | D:9      | Found Cuvuem's Distillery.
  5930 | D:9      | Bought a potion of invisibility for 112 gold pieces
  5930 | D:9      | Bought a potion of lignification for 42 gold pieces
  5930 | D:9      | Bought a potion of might for 56 gold pieces
  5930 | D:9      | Bought a potion of heal wounds for 70 gold pieces
  6126 | D:8      | Noticed Psyche
  6282 | D:9      | Found a staircase to the Lair.
  6326 | D:8      | Killed Psyche
  6526 | D:8      | Reached skill level 10 in Fighting
  6526 | D:8      | Reached skill level 10 in Axes
  6796 | D:7      | Found a staircase to the Ecumenical Temple.
  6904 | D:7      | Reached ***** piety under Trog
  7027 | D:7      | Noticed Maggie
  7039 | D:7      | Killed Maggie
  7185 | D:7      | Reached skill level 10 in Armour
  7306 | D:6      | Jeremiah changed into Jeremiah the meliai
  7306 | D:6      | Noticed Jeremiah
  7310 | D:6      | Killed Jeremiah the meliai
  7336 | D:6      | Found a white marble altar of Elyvilon.
  7583 | D:7      | Found a bloodstained altar of Trog.
  7607 | D:7      | Found an opulent altar of Gozag.
  7607 | D:7      | Found a glowing silver altar of Zin.
  8348 | D:9      | Found a shimmering altar of Xom.
  8828 | D:10     | Entered Level 10 of the Dungeon
  8911 | D:10     | Reached XP level 11. HP: 94/101 MP: 10/10
  8947 | D:10     | Noticed a centaur warrior
  8947 | D:10     | Noticed a lich
  8947 | D:10     | Noticed octoduck's ghost (journeyman GnNe)
  8947 | D:10     | Noticed a harpy
  9172 | D:10     | Noticed a two-headed ogre
  9174 | D:10     | Found a runed translucent door.
  9195 | Lair:1   | Entered Level 1 of the Lair of Beasts
  9212 | D:9      | Reached skill level 10 in Dodging
  9365 | Lair:1   | Identified the ring of Lyguwut {rC+ Dex+6}
 10283 | Lair:1   | Noticed a catoblepas
 10299 | Lair:1   | Killed a catoblepas
 11142 | Lair:2   | Reached XP level 12. HP: 93/113 MP: 11/11
 12043 | Lair:2   | Received a gift from Trog
 12476 | Lair:3   | Found a hole to the Spider Nest.
 12960 | Lair:3   | Noticed Fannar
 12972 | Lair:3   | Killed Fannar
 12978 | Lair:3   | Noticed Nergalle
 13116 | Lair:3   | Found a staircase to the Swamp.
 13116 | Lair:3   | Noticed a ghost crab
 13116 | Lair:3   | Noticed a ghost crab
 13143 | Lair:3   | Killed Nergalle
 13306 | Lair:3   | Killed a ghost crab
 14007 | Lair:3   | Killed a ghost crab
 14641 | Lair:4   | Reached XP level 13. HP: 62/123 MP: 12/12
 15039 | Lair:4   | You fall into a shaft and drop 1 floor!
 15039 | Lair:5   | Entered Level 5 of the Lair of Beasts
 16657 | Lair:5   | Noticed a minotaur
 16743 | Lair:5   | Found a runed translucent gate.
 16745 | Lair:5   | Noticed bronco's ghost (journeyman MiBe)
 16755 | Lair:5   | Found a runed translucent gate.
 16862 | Lair:5   | Reached skill level 15 in Fighting
 17048 | Lair:5   | Found a runed translucent gate.
 17094 | Lair:5   | Reached skill level 15 in Axes
 17200 | Lair:5   | Found a staircase to the Slime Pits.
 17261 | Lair:5   | Reached XP level 14. HP: 38/135 MP: 13/13
 17294 | Lair:5   | Identified the +0 ring mail "Rouhazag" {rN+ Will+ Str-5
                  | Int+7}
 17763 | Lair:5   | Reached skill level 15 in Armour
 18281 | D:9      | Bought a potion of heal wounds for 70 gold pieces
 18281 | D:9      | Bought a potion of heal wounds for 70 gold pieces
 18281 | D:9      | Bought a potion of heal wounds for 70 gold pieces
 18424 | D:10     | Found a runed translucent door.
 18606 | D:10     | Found Aromic's Book Shop.
 18785 | D:10     | Found a staircase to the Orcish Mines.
 18861 | Orc:1    | Entered Level 1 of the Orcish Mines
 18864 | Orc:1    | Received a gift from Trog
 19124 | Orc:2    | Entered Level 2 of the Orcish Mines
 19125 | Orc:2    | Found a staircase to the Elven Halls.
 19165 | Orc:1    | Noticed an orc warlord
 19532 | Orc:2    | Noticed Urug
 19537 | Orc:2    | Killed Urug
 20744 | Orc:2    | Found Qiff's Antique Armour Emporium.
 20746 | Orc:2    | Found Paogri's Armour Shop.
 20748 | Orc:2    | Found Koxkoh's Armour Shoppe.
 20762 | Orc:2    | Bought a crude chain mail for 237 gold pieces
 20762 | Orc:2    | Identified the +7 chain mail "Ikhlus" {Rampage Fly Dex+5
                  | SInv} (You bought it in a shop on level 2 of the Orcish
                  | Mines)
 20817 | Orc:1    | Noticed Snorg
 20829 | Orc:2    | Received a gift from Trog
 20836 | Orc:2    | Killed Snorg
 20837 | Orc:2    | Reached skill level 1 in Shields
 20890 | Orc:1    | Paralysed by an orc sorcerer for 3 turns
 20904 | Orc:1    | Killed an orc warlord
 21790 | D:11     | Noticed Sonja
 21805 | D:11     | Killed Sonja
 22000 | D:12     | Noticed Nessos
 22192 | D:12     | Killed Nessos
 22546 | D:12     | Noticed Jorgrun
 22574 | D:12     | Killed Jorgrun
 22774 | D:12     | Found a white marble altar of Elyvilon.
 22940 | D:12     | Reached skill level 5 in Shields
 23346 | D:13     | Noticed Rupert
 23356 | D:13     | Killed Rupert
 23383 | D:13     | Reached XP level 15. HP: 144/144 MP: 14/14
 23403 | D:13     | Identified 2 scrolls of acquirement
 23404 | D:13     | Acquired the +0 pair of gloves of the Ecumenical Temple
                  | {rF+ rCorr}
 23418 | D:13     | Acquired 851 gold pieces
 23657 | D:13     | Found a gate to the Vaults.
 23971 | D:13     | Found a viscous altar of Jiyva.
 24240 | D:14     | Reached skill level 15 in Dodging
 24597 | D:14     | Found a frozen archway.
 24949 | D:14     | Acquired the ring "Goari Edgha" {rCorr EV+5 Int+2 Slay+2}
 24956 | D:15     | Entered Level 15 of the Dungeon
 25527 | D:15     | Found a staircase to the Depths.
 25656 | D:15     | Paralysed by an ogre mage for 2 turns
 25661 | D:15     | Reached ****** piety under Trog
 25795 | D:15     | Identified the staff "Vabbu" {rPois rF+ rC+++ Str-2 Dex-3
                  | Fire}
 26409 | Spider:1 | Entered Level 1 of the Spider Nest
 26422 | Spider:1 | Found the +3 hat of Pondering {ponderous, Will+ MP+10
                  | Int+5}
 26531 | Swamp:1  | Entered Level 1 of the Swamp
 26597 | Lair:3   | Reached XP level 16. HP: 128/155 MP: 15/15
 26689 | Swamp:1  | Received a gift from Trog
 26773 | Swamp:1  | Noticed a thorn hunter
 26794 | Swamp:1  | Killed a thorn hunter
 26920 | Swamp:1  | Identified the +1 broad axe "Ecyesoc" {antimagic, Will+
                  | SInv Stlth-}
 27387 | Swamp:2  | Noticed Roxanne
 27724 | Swamp:2  | Identified the +8 halberd "Reoguunyg" {spect, Fly rC- rCorr
                  | Dex+8}
 27766 | Swamp:2  | Noticed a thorn hunter
 27813 | Swamp:2  | Killed a thorn hunter
 28362 | Swamp:3  | Received a gift from Trog
 28530 | Swamp:3  | Noticed a thorn hunter
 28542 | Swamp:3  | Killed a thorn hunter
 28918 | Swamp:4  | Entered Level 4 of the Swamp
 29086 | Spider:1 | Noticed Louise
 29099 | Spider:1 | Killed Louise
 29928 | Spider:1 | Received a gift from Trog
 30204 | Spider:1 | You are sucked into a shaft and drop 1 floor!
 30215 | Spider:2 | Reached XP level 17. HP: 153/166 MP: 10/16
 30252 | Spider:2 | Noticed Arachne
 30257 | Spider:2 | Noticed Agnes
 30507 | Spider:2 | Killed Agnes
 30516 | Spider:1 | Killed Arachne
 30693 | Spider:2 | Received a gift from Trog
 31716 | Spider:3 | HP: 5/161 [emperor scorpion (16)]
 32330 | Spider:3 | Noticed Donald
 32348 | Spider:2 | Killed Donald
 32926 | Spider:4 | Entered Level 4 of the Spider Nest
 33445 | Spider:4 | Identified the serpent talisman "Soskaamn" {Int+3 Stlth+}
 33445 | Spider:4 | Noticed Aizul
 33459 | Spider:4 | Killed Aizul
 34173 | Spider:4 | Reached XP level 18. HP: 178/178 MP: 1/17
 34600 | Spider:4 | Got a gossamer rune of Zot
 35716 | Swamp:4  | Received a gift from Trog
 36401 | Swamp:4  | Noticed the 27-headed Lernaean hydra
 36415 | Swamp:4  | Killed the 26-headed Lernaean hydra
 36701 | Swamp:4  | Got a decaying rune of Zot
 36728 | Swamp:4  | Identified the +9 falchion of Zosuv {speed, rN+ Int+2}
 37588 | Vaults:1 | Entered Level 1 of the Vaults
 37722 | Vaults:1 | Identified the +4 war axe "Lucim" {flame, Str+6} (Trog
                  | gifted it to you on level 1 of the Vaults)
 37722 | Vaults:1 | Received a gift from Trog
 38165 | Vaults:1 | Noticed a tentacled monstrosity
 38165 | Vaults:1 | Noticed a tentacled monstrosity
 38172 | Vaults:1 | Killed a tentacled monstrosity
 38176 | Vaults:1 | Killed a tentacled monstrosity
 38633 | Vaults:1 | Reached XP level 19. HP: 175/182 MP: 18/18
 38771 | Vaults:1 | Found a runed translucent gate.
 38771 | Vaults:1 | Found a runed translucent gate.
 38771 | Vaults:1 | Found a runed translucent gate.
 38793 | Vaults:1 | Received a gift from Trog
 38844 | Vaults:1 | Found a runed translucent gate.
 38844 | Vaults:1 | Found a runed translucent gate.
 38849 | Vaults:1 | Noticed hikkokomori's ghost (adept GrEE)
 38853 | Vaults:1 | Found a runed translucent gate.
 38899 | Vaults:1 | Killed hikkokomori's ghost
 38912 | Vaults:1 | Identified the +0 cloak "Jeruteirph" {Str+2}
 38926 | Vaults:1 | Gained mutation: You sometimes lose your temper in combat.
                  | [mutagenic glow]
 38946 | Vaults:1 | Gained mutation: You are robust. (+10% HP) [mutagenic glow]
 38966 | Vaults:1 | Gained mutation: Potions are less effective at restoring
                  | your health. [mutagenic glow]
 38999 | Vaults:1 | Gained mutation: You are weak. (Str -2) [mutagenic glow]
 39029 | Vaults:1 | Lost mutation: You sometimes lose your temper in combat.
                  | [potion of mutation]
 39029 | Vaults:1 | Lost mutation: Potions are less effective at restoring your
                  | health. [potion of mutation]
 39029 | Vaults:1 | Gained mutation: You are dopey. (Int -2) [potion of
                  | mutation]
 39030 | Vaults:1 | Lost mutation: You are dopey. (Int -2) [potion of mutation]
 39030 | Vaults:1 | Lost mutation: You are weak. (Str -2) [potion of mutation]
 39030 | Vaults:1 | Gained mutation: Your system is resistant to poisons.
                  | (rPois) [potion of mutation]
 39030 | Vaults:1 | Gained mutation: You are agile. (Dex +4, Str/Int -1)
                  | [potion of mutation]
 39680 | Vaults:2 | Received a gift from Trog
 40177 | Vaults:2 | Found Zudgheoha's General Store.
 40191 | Vaults:2 | Reached skill level 10 in Shields
 40268 | Vaults:2 | Bought a scroll of blinking for 165 gold pieces
 40882 | Vaults:2 | Identified the +2 scale mail of the Thistle {+Blink Int+3}
 41052 | Vaults:3 | Received a gift from Trog
 41192 | Vaults:3 | Reached XP level 20. HP: 209/217 MP: 19/19
 41268 | Vaults:3 | Noticed a bone dragon
 41270 | Vaults:3 | Found a staircase to the Crypt.
 41293 | Vaults:3 | Killed a bone dragon
 41659 | Vaults:3 | Reached skill level 1 in Throwing
 41855 | Vaults:3 | Received a gift from Trog
 42401 | Vaults:4 | Found Deter's Weapon Boutique.
 43007 | Vaults:4 | Received a gift from Trog
 43424 | Vaults:4 | Reached skill level 5 in Throwing
 43471 | Vaults:4 | Received a gift from Trog
 43874 | Elf:1    | Entered Level 1 of the Elven Halls
 43999 | Elf:1    | Paralysed by an air elemental for 1 turns
 44095 | Elf:1    | Identified the +4 spear of Hiyfepa {freeze, rCorr MP+9}
 44136 | Elf:1    | Reached XP level 21. HP: 215/229 MP: 20/20
 44296 | Elf:1    | Found Upsu's Armour Shoppe.
 44651 | Elf:1    | Noticed Frances
 44666 | Elf:1    | Killed Frances
 44877 | Elf:2    | Paralysed by an air elemental for 1 turns
 44889 | Elf:2    | Received a gift from Trog
 44919 | Elf:2    | Found a runed translucent gate.
 44920 | Elf:2    | Found a runed translucent gate.
 44920 | Elf:2    | Found a runed translucent gate.
 45094 | Elf:2    | Identified the ring "Kuphokuzexi" {rC+ Str+6}
 45298 | Elf:3    | Entered Level 3 of the Elven Halls
 45369 | Elf:3    | Received a gift from Trog
 45492 | Elf:3    | Noticed Mara
 45504 | Elf:3    | Killed Mara
 45586 | Elf:3    | Identified the +8 war axe "Qock" {vamp, rF+}
 45587 | Elf:3    | Identified the staff "Undertaker" {rElec rF+ Will+ rCorr
                  | Fire Air}
 45588 | Elf:3    | Identified the staff "Mablom" {*Slow rElec Will+ MP+9 Air}
 45993 | Elf:2    | Received a gift from Trog
 46200 | Elf:3    | Identified the +6 battleaxe of Scorn {heavy, *Rage rPois
                  | Will+ SInv}
 46205 | Elf:3    | Paralysed by an air elemental for 1 turns
 46380 | Elf:3    | Identified the +1 pair of gloves "Xymynt" {^Contam rPois
                  | rN++}
 46392 | Elf:3    | Identified the +5 chain mail of Untold Secrets {+Inv rF+
                  | Will+ Int+3}
 46413 | Elf:3    | Identified the +0 orcbow "Muing" {drain, rCorr Int+3}
 46863 | Elf:3    | Found Tefelu's Magic Scroll Shop.
 46866 | Elf:3    | Bought a scroll of teleportation for 51 gold pieces
 46866 | Elf:3    | Bought a scroll of teleportation for 51 gold pieces
 46866 | Elf:3    | Bought a scroll of teleportation for 51 gold pieces
 46866 | Elf:3    | Bought a scroll of revelation for 127 gold pieces
 46866 | Elf:3    | Bought a scroll of revelation for 127 gold pieces
 46866 | Elf:3    | Bought a scroll of silence for 161 gold pieces
 47396 | Vaults:5 | Entered Level 5 of the Vaults
 47404 | Vaults:5 | Received a gift from Trog
 47408 | Vaults:5 | Noticed a golden dragon
 47434 | Vaults:5 | Killed a golden dragon
 47447 | Vaults:5 | Reached skill level 15 in Shields
 47454 | Vaults:5 | Noticed a dread lich
 47459 | Vaults:5 | Reached XP level 22. HP: 242/244 MP: 21/21
 47472 | Vaults:5 | Killed a dread lich
 47474 | Vaults:5 | Noticed Xtahua
 47484 | Vaults:5 | Received a gift from Trog
 47488 | Vaults:5 | Reached skill level 10 in Throwing
 47492 | Vaults:5 | Identified the +1 war axe "Ceelah" {drain, ^Fragile rC+
                  | Will+}
 47506 | Vaults:5 | Killed Xtahua
 47517 | Vaults:5 | Received a gift from Trog
 47544 | Vaults:5 | Noticed an ancient lich
 47554 | Vaults:5 | Killed an ancient lich
 47556 | Vaults:5 | Noticed Saint Roka
 47569 | Vaults:5 | Killed Saint Roka
 48036 | Vaults:5 | Noticed Jory
 48053 | Vaults:5 | Killed Jory
 48260 | Vaults:5 | Identified the +4 sling of the Valley {heavy, rPois rC+
                  | rN+}
 48335 | Vaults:5 | Identified the +6 arbalest of Vanity {speed, rPois rF+
                  | Int+8 Dex-2}
 48341 | Vaults:5 | Got a silver rune of Zot
 49127 | Vaults:2 | Bought 6 silver javelins for 1188 gold pieces
 49310 | Depths:1 | Entered Level 1 of the Depths
 49311 | Depths:1 | Paralysed by an air elemental for 1 turns
 49361 | Depths:1 | Found a gateway to Hell.
 49401 | Depths:1 | Received a gift from Trog
 49621 | Depths:1 | Reached XP level 23. HP: 227/255 MP: 22/22
 49640 | Depths:1 | Received a gift from Trog
 49662 | Depths:1 | Identified the ring "Wumyh Bodgh" {Wiz rPois rC+ SInv}
 49806 | Depths:1 | Identified the staff "Iqokhlode" {Will+ Int-5 Dex+2 Earth}
 49808 | Depths:1 | Identified the staff of Ipse Dixit {rPois Int+3 Alchemy}
 49826 | Depths:1 | Noticed a juggernaut
 49840 | Depths:1 | Killed a juggernaut
 49991 | Depths:1 | Found the +8 arc blade {discharge, rElec}
 50350 | Depths:1 | Identified the +4 war axe "Xudumaet" {flame, rElec rF+
                  | Dex+4} (Trog gifted it to you on level 1 of the Depths)
 50350 | Depths:1 | Received a gift from Trog
 50533 | Depths:1 | Identified the +5 plate armour of the Ego {Regen+ Str+3}
 50538 | Depths:1 | Identified the ring "Esauphe" {rC+ Str+2 Stlth+}
 50556 | Depths:1 | Gained mutation: Armour fits poorly on your strangely
                  | shaped body. [a shining eye]
 50590 | Depths:1 | Lost mutation: Your system is resistant to poisons. (rPois)
                  | [potion of mutation]
 50590 | Depths:1 | Lost mutation: You are agile. (Dex +4, Str/Int -1) [potion
                  | of mutation]
 50590 | Depths:1 | Lost mutation: You are robust. (+10% HP) [potion of
                  | mutation]
 50590 | Depths:1 | Gained mutation: You have a pair of large horns on your
                  | head. [potion of mutation]
 50590 | Depths:1 | Gained mutation: Your body sometimes deteriorates upon
                  | taking damage. [potion of mutation]
 50591 | Depths:1 | Lost mutation: You have a pair of large horns on your head.
                  | [potion of mutation]
 50591 | Depths:1 | Lost mutation: Armour fits poorly on your strangely shaped
                  | body. [potion of mutation]
 50591 | Depths:1 | Lost mutation: Your body sometimes deteriorates upon taking
                  | damage. [potion of mutation]
 50591 | Depths:1 | Gained mutation: You have a somewhat thin skeletal
                  | structure. (Dex +2, Stealth+) [potion of mutation]
 50591 | Depths:1 | Gained mutation: You sometimes lose your temper in combat.
                  | [potion of mutation]
 50591 | Depths:1 | Gained mutation: You are agile. (Dex +4, Str/Int -1)
                  | [potion of mutation]
 50592 | Depths:1 | Lost mutation: You have a somewhat thin skeletal structure.
                  | (Dex +2, Stealth+) [potion of mutation]
 50592 | Depths:1 | Lost mutation: You are agile. (Dex +4, Str/Int -1) [potion
                  | of mutation]
 50592 | Depths:1 | Lost mutation: You sometimes lose your temper in combat.
                  | [potion of mutation]
 50592 | Depths:1 | Gained mutation: You occasionally lose the ability to read
                  | scrolls when taking damage. [potion of mutation]
 50592 | Depths:1 | Gained mutation: You are agile. (Dex +4, Str/Int -1)
                  | [potion of mutation]
 50593 | Depths:1 | Lost mutation: You are agile. (Dex +4, Str/Int -1) [potion
                  | of mutation]
 50593 | Depths:1 | Lost mutation: You occasionally lose the ability to read
                  | scrolls when taking damage. [potion of mutation]
 50593 | Depths:1 | Gained mutation: Your spells are a little harder to cast,
                  | but a little more powerful. [potion of mutation]
 50795 | Depths:1 | Identified the +1 pair of gloves of Zukh {Dex+2}
 50795 | Depths:1 | Noticed Nikola
 50804 | Depths:1 | Killed Nikola
 51600 | Depths:2 | Received a gift from Trog
 51606 | Depths:2 | Found a one-way gate leading to the halls of Pandemonium.
 52184 | Depths:3 | Found Biv All's Antique Armour Emporium.
 52185 | Depths:3 | Found a blossoming altar of Fedhas.
 52226 | Depths:3 | Noticed a juggernaut
 52232 | Depths:3 | Noticed a juggernaut
 52247 | Depths:3 | Noticed a dread lich
 52249 | Depths:3 | Killed a juggernaut
 52253 | Depths:3 | Killed a juggernaut
 52262 | Depths:3 | Killed a dread lich
 52294 | Depths:3 | Bought a bloodstained crystal plate armour for 3230 gold
                  | pieces
 52294 | Depths:3 | Identified the +13 crystal plate armour "Sevocyef" {Dex+3}
                  | (You bought it in a shop on level 3 of the Depths)
 52406 | Depths:3 | Found the +10 dark maul {heavy}
 52539 | Depths:3 | Received a gift from Trog
 52639 | Depths:3 | Reached XP level 24. HP: 234/234 MP: 22/22
 52741 | Depths:3 | Found Bouqum's Pet Rocks.
 52770 | Depths:3 | Found a one-way gate to the infinite horrors of the Abyss.
 53038 | Depths:4 | Entered Level 4 of the Depths
 53040 | Depths:4 | Found a runed translucent door.
 53040 | Depths:4 | Noticed Ceenoxoumim's ghost (veteran GnWn)
 53042 | Depths:4 | Noticed Vv
 53071 | Depths:4 | Killed Vv
 53286 | Depths:4 | Found a one-way gateway to a ziggurat.
 53333 | Depths:4 | Received a gift from Trog
 53407 | Depths:4 | Noticed Grunn
 53422 | Depths:4 | Killed Grunn
 54465 | Depths:4 | Received a gift from Trog
 54564 | Depths:4 | Found a gate to the Realm of Zot.
 54995 | Depths:4 | Killed Ceenoxoumim's ghost
 55149 | Depths:4 | Identified the +0 hat of Giapemin {rCorr Dex+4}
 55188 | Zot:1    | Entered Level 1 of the Realm of Zot
 56378 | Zot:1    | Identified the +4 orcbow of Reapportionment {freeze, Will+
                  | Dex+3 Stlth+}
 57109 | Slime:1  | Entered Level 1 of the Pits of Slime
 57184 | Slime:1  | Received a gift from Trog
 57436 | Slime:5  | Entered Level 5 of the Pits of Slime
 57727 | D:3      | Bought a scroll of immolation for 40 gold pieces
 57751 | D:3      | Killed pokeman's ghost
 58480 | Slime:5  | Noticed the Royal Jelly
 58527 | Slime:5  | Gained mutation: You are occasionally teleported next to
                  | monsters. [a shining eye]
 58530 | Slime:5  | Killed the Royal Jelly
 58531 | Slime:5  | Reached XP level 25. HP: 251/253 MP: 13/22
 58625 | Slime:5  | Got a slimy rune of Zot
 58728 | Slime:5  | Identified the +0 robe "Ruybbow" {rElec rC- Int+3 Dex+2}
 58766 | Slime:5  | Identified the +3 plate armour "Plog" {rC+ Int+6 Slay+2}
 58778 | Slime:5  | Identified the +4 eveningstar "Iraxuer" {heavy, Will+
                  | Dex+4}
 58800 | Slime:5  | Identified the ring of Maack {Str+6 Dex+2}
 58821 | Slime:5  | Identified the +8 rapier of Mandamus {drain, *Rage rN+
                  | Dex+2}
 58827 | Slime:5  | Lost mutation: Your spells are a little harder to cast, but
                  | a little more powerful. [potion of mutation]
 58827 | Slime:5  | Lost mutation: You are occasionally teleported next to
                  | monsters. [potion of mutation]
 58827 | Slime:5  | Gained mutation: Your muscles are strong. (Str +4, Int/Dex
                  | -1) [potion of mutation]
 58827 | Slime:5  | Gained mutation: Your system is resistant to poisons.
                  | (rPois) [potion of mutation]
 58827 | Slime:5  | Gained mutation: You are frail. (-10% HP) [potion of
                  | mutation]
 58827 | Slime:5  | Gained mutation: You possess an exceptional clarity of
                  | mind. [potion of mutation]
 58828 | Slime:5  | Lost mutation: Your system is resistant to poisons. (rPois)
                  | [potion of mutation]
 58828 | Slime:5  | Lost mutation: You are frail. (-10% HP) [potion of
                  | mutation]
 58828 | Slime:5  | Gained mutation: You are partially covered in iridescent
                  | scales. (AC +2) [potion of mutation]
 58828 | Slime:5  | Lost mutation: Your muscles are strong. (Str +4, Int/Dex
                  | -1) [potion of mutation]
 58828 | Slime:5  | Gained mutation: Your health recovers twice as slowly from
                  | being drained. [potion of mutation]
 58829 | Slime:5  | Lost mutation: You possess an exceptional clarity of mind.
                  | [potion of mutation]
 58829 | Slime:5  | Lost mutation: You are partially covered in iridescent
                  | scales. (AC +2) [potion of mutation]
 58829 | Slime:5  | Lost mutation: Your health recovers twice as slowly from
                  | being drained. [potion of mutation]
 58829 | Slime:5  | Gained mutation: You are partially covered in iridescent
                  | scales. (AC +2) [potion of mutation]
 58829 | Slime:5  | Gained mutation: Your spells are a little easier to cast,
                  | but a little less powerful. [potion of mutation]
 58829 | Slime:5  | Gained mutation: Your mind is acute. (Int +4, Str/Dex -1)
                  | [potion of mutation]
 59385 | Zot:2    | Received a gift from Trog
 59422 | Zot:2    | Gained mutation: You do not regenerate when monsters are
                  | visible. [mutagenic glow]
 59429 | Zot:2    | Lost mutation: Your mind is acute. (Int +4, Str/Dex -1)
                  | [potion of mutation]
 59429 | Zot:2    | Lost mutation: You do not regenerate when monsters are
                  | visible. [potion of mutation]
 59429 | Zot:2    | Gained mutation: You are weak. (Str -2) [potion of
                  | mutation]
 59429 | Zot:2    | Gained mutation: Your mind is acute. (Int +4, Str/Dex -1)
                  | [potion of mutation]
 59429 | Zot:2    | Gained mutation: You expend magic power (3 MP) to
                  | strengthen your wands. [potion of mutation]
 59430 | Zot:2    | Lost mutation: You are partially covered in iridescent
                  | scales. (AC +2) [potion of mutation]
 59430 | Zot:2    | Lost mutation: Your spells are a little easier to cast, but
                  | a little less powerful. [potion of mutation]
 59430 | Zot:2    | Lost mutation: You expend magic power (3 MP) to strengthen
                  | your wands. [potion of mutation]
 59430 | Zot:2    | Gained mutation: You are occasionally teleported next to
                  | monsters. [potion of mutation]
 59430 | Zot:2    | Gained mutation: You sometimes lose your temper in combat.
                  | [potion of mutation]
 59430 | Zot:2    | Gained mutation: You are partially covered in iridescent
                  | scales. (AC +2) [potion of mutation]
 59431 | Zot:2    | Lost mutation: You sometimes lose your temper in combat.
                  | [potion of mutation]
 59431 | Zot:2    | Lost mutation: You are occasionally teleported next to
                  | monsters. [potion of mutation]
 59431 | Zot:2    | Lost mutation: You are partially covered in iridescent
                  | scales. (AC +2) [potion of mutation]
 59431 | Zot:2    | Lost mutation: You are weak. (Str -2) [potion of mutation]
 59431 | Zot:2    | Gained mutation: You are clumsy. (Dex -2) [potion of
                  | mutation]
 59432 | Zot:2    | Lost mutation: Your mind is acute. (Int +4, Str/Dex -1)
                  | [potion of mutation]
 59432 | Zot:2    | Lost mutation: You are clumsy. (Dex -2) [potion of
                  | mutation]
 59432 | Zot:2    | Gained mutation: Your muscles are strong. (Str +4, Int/Dex
                  | -1) [potion of mutation]
 59432 | Zot:2    | Gained mutation: You have large cloven feet. [potion of
                  | mutation]
 59432 | Zot:2    | Gained mutation: You are agile. (Dex +4, Str/Int -1)
                  | [potion of mutation]
 59432 | Zot:2    | Gained mutation: Your spells are a little harder to cast,
                  | but a little more powerful. [potion of mutation]
 59441 | Zot:2    | Gained mutation: Your magical capacity is low. (-10% MP)
                  | [mutagenic glow]
 59708 | Zot:2    | Noticed a Killer Klown
 59746 | Zot:2    | Killed a Killer Klown
 60007 | Zot:2    | Identified the +0 ring mail "Jeskunoj" {rPois Will- Str-3
                  | Dex+9}
 61251 | Zot:3    | Received a gift from Trog
 62243 | Zot:3    | Paralysed by a jorogumo for 1 turns
 62629 | Zot:4    | Received a gift from Trog
 62631 | Zot:4    | Reached XP level 26. HP: 221/251 MP: 19/19
 62792 | Zot:4    | Reached skill level 15 in Throwing
 63246 | Zot:4    | Noticed an orb of fire
 63264 | Zot:4    | Killed an orb of fire
 63514 | Zot:4    | Reached skill level 5 in Stealth
 63514 | Zot:4    | Reached XP level 27. HP: 271/271 MP: 19/19
 63946 | Zot:4    | Reached skill level 27 in Fighting
 64070 | Zot:4    | Received a gift from Trog
 64380 | Zot:5    | Entered Level 5 of the Realm of Zot
 64405 | Zot:5    | Found a runed translucent gate.
 64405 | Zot:5    | Found a runed translucent gate.
 64405 | Zot:5    | Found a runed translucent gate.
 64407 | Zot:5    | Found an opulent altar of Gozag.
 64408 | Zot:5    | Found Keots's Assorted Antiques.
 64408 | Zot:5    | Noticed whatisthis's ghost (legendary HuBe)
 64411 | Zot:5    | Found Quyko's Assorted Antiques.
 64829 | Zot:5    | Noticed a dread lich
 64831 | Zot:5    | Lost mutation: Your muscles are strong. (Str +4, Int/Dex
                  | -1) [mutagenic glow]
 64832 | Zot:5    | Noticed an orb of fire
 64833 | Zot:5    | Noticed an ancient lich
 64834 | Zot:5    | Noticed a dread lich
 64850 | Zot:5    | Gained mutation: You occasionally lose the ability to drink
                  | potions when taking damage. [mutagenic glow]
 64863 | Zot:5    | Killed a dread lich
 64880 | Zot:5    | Reached skill level 27 in Armour
 64890 | Zot:5    | Lost mutation: You occasionally lose the ability to drink
                  | potions when taking damage. [mutagenic glow]
 64909 | Zot:5    | Killed an orb of fire
 64915 | Zot:5    | Received a gift from Trog
 64918 | Zot:5    | Killed a dread lich
 64943 | Zot:5    | Noticed a dread lich
 64952 | Zot:5    | Noticed an ancient lich
 64963 | Zot:5    | Killed an ancient lich
 64979 | Zot:5    | Noticed an orb of fire
 64979 | Zot:5    | Gained mutation: You are dopey. (Int -2) [an orb of fire]
 64993 | Zot:5    | Noticed an ancient lich
 65011 | Zot:5    | Killed an orb of fire
 65018 | Zot:5    | Killed an ancient lich
 65020 | Zot:5    | Noticed an ancient lich
 65039 | Zot:5    | Noticed an ancient lich
 65042 | Zot:5    | Noticed an ancient lich
 65048 | Zot:5    | Killed an ancient lich
 65056 | Zot:5    | Killed an ancient lich
 65104 | Zot:5    | Got the Orb of Zot
 65165 | Zot:5    | Killed a dread lich
 65177 | Zot:5    | Killed an ancient lich
 65225 | Zot:5    | Killed an ancient lich
 65313 | Zot:1    | Received a gift from Trog
 65797 | D:$      | Escaped with the Orb!

Illustrated notes

Levels and vault maps discovered:
D:1:      dpeg_arrival_boxes_within_box, layout_basic,
          hellmonk_ecumenical_altar_inner_sanctum, minmay_pentomino_w4
D:2:      layout_basic, minmay_strange_pillars
D:3:      layout_basic, minitemple, gammafunk_ghost_nasty_kobolds, serial_shops,
          nicolae_shop_trees, roderic_serpentine_path
D:4:      layout_loops_ring, minmay_misc_feat_room, uniq_eustachio
D:5:      layout_rooms, mainiacjoe_overflow_paths, serial_shops,
          nicolae_shop_waterfront, minmay_diced_spiral, uniq_menkaure
D:6:      layout_basic, mainiacjoe_overflow_tiny_flanked, minmay_crystal_room,
          uniq_pikel, uniq_jeremiah, uniq_duvessa
D:7:      layout_loops_ring, grunt_temple_overflow_gold_and_silver,
          mainiacjoe_overflow_concentric_impassable,
          minmay_temple_entry_purple_smoke, serial_glass, glass_columns_b,
          glass_columns_a, uniq_maggie
D:8:      layout_loops_corners, uniq_psyche
D:9:      layout_stronghold, overflow_temple_1_default,
          erik_lair_orcish_takeover, serial_shops, shop, serial_glass,
          glass_columns_b, glass_columns_b
D:10:     layout_roguey, erik_orc_2, serial_shops, nicolae_shop_real_fake_doors,
          muffindrake_ghost_dual_entry
D:11:     layout_irregular_city, uniq_sonja
D:12:     layout_loops_corners, elyvilon_altar_1, uniq_jorgrun, uniq_nessos
D:13:     layout_gridville, ximxim_vaults_locker_room, jiyva_altar_1,
          uniq_rupert
D:14:     layout_irregular_city, serial_ice, serial_ice_j, serial_ice_o,
          serial_ice_a, serial_ice_d, portal_ice_cave_entry_ice_statue_one
D:15:     hangedman_crystal_crosses_colossus [crystal_crosses_arms_two,
          crystal_crosses_arms_one, crystal_crosses_arms_one]
Lair:1:   layout_regular_city, infiniplex_staircase_pool
Lair:2:   layout_regular_city, lemuel_fruit_fields
Lair:3:   beast_lair_carwin_large_2, layout_small_grid,
          nicolae_swamp_entry_spooky, spider_nest_entry_rubble,
          lemuel_fruit_tree, uniq_fannar, uniq_nergalle
Lair:4:   layout_gridlike, serial_rivers, chequers_serial_rivers_small_3,
          chequers_serial_rivers_micro_c, chequers_serial_rivers_micro_a,
          chequers_serial_rivers_micro_c
Lair:5:   wormcave, layout_hall_layers, nicolae_slime_entry_field_trip,
          maelrawn_ghost_gauntlet_escape, st_stairs_12, minmay_lindwurm_lava
Swamp:1:  layout_basic_swamp, nicolae_swamp_orc_logging_accident,
          nicolae_swamp_decorative_isthmus
Swamp:2:  layout_falls_marsh, evilmike_swamp_ruin_house_3, swamp_pool_3,
          uniq_roxanne
Swamp:3:  layout_falls_marsh, evilmike_swamp_ruin_house_5,
          nicolae_swamp_bunyip_nook
Swamp:4:  grunt_swamp_rune_castle, layout_basic_swamp, swamp_pool_4,
          nicolae_swamp_treefoil, grunt_hermit_hut
Spider:1: nicolae_spider_obnoxious_hallway, uniq_louise
Spider:2: layout_spider_delve, hellmonk_deceptive_appearances,
          hangedman_spider_tarantella_strand, uniq_arachne, uniq_agnes
Spider:3: layout_spider_delve, drop_trap, uniq_donald
Spider:4: guppyfry_spider_rune, uniq_aizul
Slime:1:  layout_caves
Slime:2:  layout_caves
Slime:3:  nicolae_slime_infinislime, layout_caves,
          cheibrodos_slime_lost_civilization_5
Slime:4:  layout_caves
Slime:5:  slime_pit_nicolae_jellycorners
Orc:1:    layout_caves, lightli_orcish_oven, uniq_snorg
Orc:2:    st_orc_rangers, layout_caves, uniq_urug
Elf:1:    minmay_elf_arrival_summoners, layout_geoelf_diagonals, serial_shops,
          nicolae_shop_mannequins, hangedman_corner_corridor,
          columned_hall_lemuel, uniq_frances
Elf:2:    elven_hall_of_blades_hangedman_original [mumra_blade_entry_bloodbath],
          layout_rooms, small_chamber_with_monster
Elf:3:    grunt_elf_hall_spiral, layout_geoelf_grid, serial_shops,
          nicolae_shop_rolled_up, uniq_mara
Vaults:1: ploomutoo_gammafunk_ghost_potion_laboratory,
          hangedman_vaults_hard_town_square, v_pattern_4,
          nicolae_vaults_cochlea, nicolae_vaults_double_plus_1, v_misc_8,
          ontoclasm_vaults_decontamination, layout_vaults_omnigrid
Vaults:2: nicolae_vaults_meiosis, regret_index_early_branch_jog,
          vaults_standard_mumra_x, grunt_vaults_focal, hangedman_vaults_corner,
          nicolae_vaults_little_squares_5, layout_vaults_maze
Vaults:3: nicolae_vaults_tetromino_L_1, minmay_crypt_entry_nasty_monster,
          nicolae_vaults_what_the_h, v_alt_pattern_1, hangedman_vaults_slice,
          nicolae_vaults_network_star, nicolae_vaults_tetromino_Z_1,
          nicolae_vaults_twisting_passages, nicolae_vaults_closet_pinwheel_2,
          nicolae_vaults_alarming, vaults_room_door_ring, layout_vaults_ring
Vaults:4: v_misc_25, grunt_vaults_swirl, nicolae_vaults_house_2,
          nicolae_vaults_closet_pinwheel_5, hangedman_vaults_slither,
          nicolae_vaults_mini_display_case, v_misc_18,
          nicolae_vaults_taking_the_gang_shopping,
          nicolae_vaults_corridor_and_loot_room, nicolae_vaults_trapezoid_2,
          v_misc_19, nicolae_vaults_specimen_jars, nicolae_vaults_diamond_1,
          layout_vaults_big_cross
Vaults:5: serial_shops, uniq_saint_roka, uniq_jory, uniq_xtahua
Depths:1: grunt_twisty_corner, layout_gridlike, hell_entry,
          dreamdust_looks_like_rain, uniq_nikola
Depths:2: minmay_isolated_rectangles_in_corner, layout_gridlike, serial_sigils,
          serial_sigils_hangedman_etch, serial_sigils_hangedman_quiver,
          serial_sigils_hangedman_gnaw, serial_sigils_hangedman_gut,
          serial_sigils_hangedman_gut, serial_sigils_hangedman_quiver,
          grunt_hell_horde, pan_entry
Depths:3: minmay_roctagon, layout_cave_pools, fedhas_altar_fruit_tree,
          hell_entry, hangedman_abyss_entry_splay, special_room
          [special_room_morgue], chequers_serial_rivers_marsh,
          minmay_shop_grid_forest, guppyfry_shop_earth,
          infiniplex_staircase_pool_2
Depths:4: grunt_zot_entry_bicorn, layout_long_grid, enter_ziggurat_f,
          grunt_pan_entry_spiral, hellmonk_ghost_big_iron, hell_entry,
          serial_bayou_shore_b, uniq_vv, uniq_grunn
Zot:1:    layout_onion
Zot:2:    layout_twisted_circle, regret_index_zotdec_twisting_globes
Zot:3:    layout_basic
Zot:4:    regret_index_zot_pan_timeshare, layout_onion
Zot:5:    layout_concentric_octagons, ebering_ghost_gozag, lemuel_golem_globe

Skill      XL: |  1  2  3  4  5  6  7  8  9 10 11 12 13 14 15 16 17 18 19 20 21 22 23 24 25 26 27 |
---------------+----------------------------------------------------------------------------------+-----
Fighting       | 4 5 6 8 9 10 12 13 15 16 17 18 19 20 21 22 23 24 25 26 27 | 27.0
Axes           | 4 5 6 8 9 10 12 13 15 16 17 18 19 20 21 22 23 24 25 | 25.7
Armour         | 3 4 5 7 8 10 12 13 14 15 17 18 19 20 21 22 23 24 25 26 27 | 27.0
Dodging        | 3 4 5 6 8 9 11 12 13 14 15 17 18 19 20 21 22 23 | 23.4
Shields        | 5 8 10 13 15 16 18 19 20 | 20.4
Throwing       | 5 9 11 12 13 14 15 16 | 16.4
Stealth        | 4 5 8 |  8.0

Action                     |  1- 3 |  4- 6 |  7- 9 | 10-12 | 13-15 | 16-18 | 19-21 | 22-24 | 25-27 || total
---------------------------+-------+-------+-------+-------+-------+-------+-------+-------+-------++-------
  Melee: Hand axe          |    88 |   118 |    85 |       |       |       |       |       |       ||   291
         Headbutt          |    10 |    14 |    34 |    94 |   264 |   361 |   474 |   490 |   340 ||  2081
         Punch             |     1 |     1 |     3 |       |       |       |       |       |       ||     5
         Quarterstaff      |       |       |   158 |   379 |    14 |    27 |       |       |       ||   578
         Executioner's axe |       |       |       |   127 |   373 |       |       |       |       ||   500
         War axe           |       |       |       |       |   255 |       |       |       |       ||   255
         Battleaxe         |       |       |       |       |   363 |   783 |       |       |       ||  1146
         Broad axe         |       |       |       |       |       |   420 |  1396 |  1443 |   988 ||  4247
         Unarmed           |       |       |       |       |       |       |     3 |       |       ||     3
         Maul              |       |       |       |       |       |       |       |     8 |       ||     8
  Throw: Dart              |       |       |       |       |     4 |       |       |       |       ||     4
 Invoke: Berserk           |     1 |     4 |     6 |    12 |    12 |    11 |     3 |     2 |       ||    51
         Trog's Hand       |       |       |       |     3 |     3 |     3 |     6 |     6 |     6 ||    27
         Brothers in Arms  |       |       |       |       |     2 |    10 |       |     3 |     7 ||    22
  Evoke: Wand              |       |     2 |       |     1 |     5 |       |     1 |       |     1 ||    10
         Phantom mirror    |       |       |       |       |       |       |       |     1 |       ||     1
    Use: Scroll            |     4 |     1 |     7 |     8 |    15 |    12 |     7 |     4 |    17 ||    75
         Potion            |       |       |       |       |    10 |     6 |     8 |    12 |    31 ||    67
   Stab: Distracted        |       |       |       |       |     1 |     1 |       |     1 |     2 ||     5
         Invisible         |       |       |       |       |       |     1 |       |       |       ||     1
         Paralysed         |       |       |       |       |       |       |       |     3 |       ||     3
 Armour: Animal skin       |    38 |       |       |       |       |       |       |       |       ||    38
         Chain mail        |    38 |    95 |   242 |   307 |   420 |  1495 |   685 |   430 |       ||  3712
         Plate armour      |       |       |       |   274 |   537 |       |       |   181 |       ||   992
         Skin              |       |       |       |       |       |       |     1 |       |    89 ||    90
         Crystal plate arm |       |       |       |       |       |       |       |   663 |   774 ||  1437
  Dodge: Dodged            |    62 |    47 |   182 |   406 |   732 |  1293 |  1094 |  1453 |   847 ||  6116
  Block: Buckler           |       |       |       |       |    66 |   180 |   456 |   609 |   417 ||  1728

Table legend: (Time is in decaauts)
 A = Elapsed time spent in this place.
 B = Non-inter-level travel time spent in this place.
 C = Inter-level travel time spent in this place.
 D = Time resting spent in this place.
 E = Time spent auto-exploring this place.
 F = Levels seen in this place.
 G = Mean time per level.
                   A        B        C        D        E       F      G
               +--------+--------+--------+--------+--------+-----+--------+
         Total |  65251 |  59025 |   6226 |   9466 |  36431 |  52 | 1254.8 |
       Dungeon |  16769 |  14767 |   2002 |    911 |  10702 |  15 | 1117.9 |
          Lair |  10135 |   8870 |   1265 |   1438 |   5821 |   5 | 2027.0 |
         Swamp |   4714 |   4459 |    255 |   1236 |   2318 |   4 | 1178.5 |
   Spider Nest |   5786 |   5464 |    322 |   1455 |   2902 |   4 | 1446.5 |
    Slime Pits |   1219 |   1100 |    119 |    409 |    231 |   5 |  243.8 |
  Orcish Mines |   2355 |   2252 |    103 |   1013 |    803 |   2 | 1177.5 |
   Elven Halls |   3078 |   2934 |    144 |    533 |   1719 |   3 | 1026.0 |
        Vaults |   7857 |   6991 |    866 |    287 |   4991 |   5 | 1571.4 |
        Depths |   6518 |   5660 |    858 |   1306 |   2927 |   4 | 1629.5 |
           Zot |   6815 |   6525 |    290 |    876 |   4016 |   5 | 1363.0 |
               +--------+--------+--------+--------+--------+-----+--------+

Top non-repeatable levels by time:
  Lair:3: 2702 daAuts
   Zot:3: 2449 daAuts
  Lair:1: 2285 daAuts
  Lair:5: 2027 daAuts
Vaults:1: 1932 daAuts
  Lair:4: 1899 daAuts
Depths:1: 1849 daAuts
Spider:1: 1843 daAuts
     D:9: 1820 daAuts
Vaults:2: 1792 daAuts
Depths:3: 1771 daAuts
 Swamp:3: 1687 daAuts
Depths:4: 1662 daAuts
   Zot:4: 1603 daAuts
   Orc:1: 1539 daAuts
